 Dungeon Crawl Stone Soup version 0.31-a0-845-g9abc20d24f (webtiles) character file.

Game seed: 11913394772272249931

8386 javelincjr the Mimic (level 11, -4/84 HPs)
             Began as a Demonspawn Shapeshifter on Oct 2, 2023.
             Was a Priest of Qazlal.
             Slain by an orc warrior
             ... wielding a +0 halberd
              (18 damage)
             ... in a bailey.
             The game lasted 00:42:28 (9942 turns).

javelincjr the Mimic (Demonspawn Shapeshifter)      Turns: 9942, Time: 00:42:29

Health: -4/84      AC:  8    Str: 19    XL:     11   Next: 9%
Magic:  0/15       EV: 17    Int: 11    God:    Qazlal [***...]
Gold:   786        SH:  8    Dex: 23    Spells: 10/10 levels left

rFire   + + .        I - melded +6 long sword of the Dead {speed, Contam rN+ Dex+5}
rCold   + . .        S - melded +0 kite shield
rNeg    . . .        V - +0 acid dragon scales
rPois   .            n - +0 helmet
rElec   .            Q - scarf {rC+ rF+}
rCorr   +            L - +0 pair of gloves
SInv    .            (no boots)
Will    .....        (no amulet)
Stlth   +            K - ring of protection from fire
HPRegen 0.34/turn    N - +6 ring of dexterity
MPRegen 0.28/turn

%: guardian spirit
@: flux-form, hasted, glowing, very quick
A: glow, contaminating, hooves 2, thin skeletal structure 2, magic shield, magic
regeneration, condensation shield
a: Begin Untransformation, Renounce Religion, Upheaval, Elemental Force


You were in a bailey.
You worshipped Qazlal.
Qazlal was most pleased with you.
You were something dangerously unstable.
You visited 2 branches of the dungeon, and saw 11 of its levels.
You also visited: Bailey.

You collected 786 gold pieces.

Inventory:

Hand Weapons
 a - a +1 sling of freezing
 b - the +8 dagger "Honottal" {pain, rPois rN+ Str-5 Int+6}
   (You found it on level 2 of the Dungeon)

   Str-5:     It affects your strength (-5).
   Int+6:     It affects your intelligence (+6).
   rPois:     It protects you from poison rN+: It protects you from negative
   energy.
 I - the +6 long sword of the Dead (melded) {speed, Contam rN+ Dex+5}
   (You found it on level 6 of the Dungeon)

   Dex+5:     It affects your dexterity (+5).
   rN+:       It protects you from negative energy.
   Contam:    It causes magical contamination when unequipped.
 R - a +1 orcbow of electrocution
 T - a +0 dagger of flaming
Missiles
 v - 28 poisoned darts (quivered)
 G - a curare-tipped dart
Armour
 g - a +0 animal skin
 n - a +0 helmet (worn)
 q - a +0 cloak
 x - a +0 leather armour
 z - a +0 scale mail
 C - a +1 robe of resistance
 H - a +0 chain mail
 L - a +0 pair of gloves (worn)
 Q - a scarf of resistance (worn)
 S - a +0 kite shield (melded)
 V - +0 acid dragon scales (worn)
Jewellery
 K - a ring of protection from fire (left hand)
 N - a +6 ring of dexterity (right hand)
Talismans
 c - a beast talisman
 d - a flux talisman (active)
 J - a blade talisman
 P - a serpent talisman
Wands
 s - a wand of mindburst (36)
 t - a wand of acid (5)
 y - a wand of digging (5)
 M - a wand of paralysis (8)
 Z - a wand of iceblast (6)
Scrolls
 h - a scroll of enchant weapon {unknown}
 i - a scroll of poison {unknown}
 k - 2 scrolls of fear
 l - 4 scrolls of immolation
 p - 9 scrolls of teleportation
 w - 2 scrolls of noise {unknown}
 B - a scroll of silence {unknown}
 E - 2 scrolls of vulnerability {unknown}
 O - 2 scrolls of fog
 X - a scroll of brand weapon {unknown}
 Y - a scroll of amnesia {unknown}
Potions
 e - 2 potions of degeneration
 f - 2 potions of invisibility
 j - a potion of attraction
 m - 2 potions of lignification
 r - a potion of mutation {unknown}
 u - 3 potions of haste
 A - a potion of magic {unknown}
 D - a potion of ambrosia {unknown}
 F - 2 potions of berserk rage
 U - a potion of cancellation {unknown}
 W - 2 potions of might


   Skills:
 + Level 7.6 Fighting
 + Level 7.1 Dodging
 + Level 3.9 Shields
 + Level 7.3 Unarmed Combat
 + Level 5.6 Invocations
 * Level 8.5 Shapeshifting


You had 10 spell levels left.
You didn't know any spells.
Your spell library contained the following spells:

 Spells                   Type           Power      Damage    Failure   Level
 Apportation              Tloc           0%         N/A       43%         1
 Necrotise                Necr           0%         1d4       43%         1
 Sandblast                Erth           0%         2d4       43%         1
 Summon Small Mammal      Summ           0%         N/A       43%         1
 Passwall                 Tmut/Erth      0%         N/A       56%         2
 Sublimation of Blood     Necr           0%         N/A       56%         2
 Wereblood                Tmut           0%         N/A       56%         2
 Gell's Gravitas          Tloc           0%         N/A       80%         3
 Stone Arrow              Conj/Erth      0%         3d7       80%         3
 Teleport Other           Tloc           0%         N/A       80%         3
 Vampiric Draining        Necr           0%         2d6       80%         3
 Brom's Barrelling Bould  Conj/Erth      0%         2d3       99%         4
 Manifold Assault         Tloc           0%         N/A       99%         4
 Agony                    Necr           0%         N/A       100%        5
 Dispersal                Tloc           0%         N/A       100%        6
 Malign Gateway           Summ/Tloc      0%         N/A       100%        7
 Summon Hydra             Summ           0%         N/A       100%        7
 Disjunction              Tloc           0%         N/A       100%        8
 Summon Horrible Things   Summ           0%         N/A       100%        8


Dungeon Overview and Level Annotations

Branches:
Dungeon (10/15)            Temple (1/1) D:5          Bailey (1/1)
   Lair: D:8-11         Orc: D:9-12

Altars:
Ashenzari
Cheibriados
Dithmenos
Gozag
Hepliaklqana
Kikubaaqudgha
Makhleb
Nemelex Xobeh
Okawaru
Qazlal
Ru
Sif Muna
Trog
Uskayaw
Vehumet
Wu Jian
Xom
Yredelemnul


Innate Abilities, Weirdness & Mutations

You are something dangerously unstable.
You glow with magical radiation, making you easy to see and hit.
Foes you strike become dangerously contaminated with magical radiation.
You are incapable of wielding weapons or throwing items.
You have hoof-like feet.
You have a moderately thin skeletal structure. (Dex +4, Stealth++)
When hurt, damage is shared between your health and your magic reserves.
You regenerate magic rapidly.
A meltable shield of frost defends you. (SH +4)


Message History

You hit the orc knight.
The orc knight glows dangerously bright.
You kick the orc knight.
The orc knight is almost dead.
You block the orc knight's attack.
You hit the orc knight.
The orc knight shudders as magic cascades through it.
The orc knight twists and deforms.
Your kick misses the orc knight.
The orc knight is almost dead.
The orc warrior completely misses you.
You closely miss the orc knight. You kick the orc knight.
The orc knight is almost dead.
You block the orc warrior's attack.
The orc knight roars a battlecry!
The orcs go into a battle-frenzy!
The orc warrior hits you from afar with a +0 halberd!!
* * * LOW HITPOINT WARNING * * *
You completely miss the orc knight.
You kick the orc knight, but do no damage.
The orc knight is almost dead.
The orc warrior hits you from afar with a +0 halberd!
* * * LOW HITPOINT WARNING * * *
An orc knight breaks down the door.
The orc warrior closely misses you.
You feel much better.
The orc warrior hits you from afar with a +0 halberd!!
* * * LOW HITPOINT WARNING * * *
The orc knight barely misses you.
The orc warrior hits you from afar with a +0 halberd!
* * * LOW HITPOINT WARNING * * *
Read: 2 scrolls of fear
Press: ? - help, Q - select action, (/) - cycle Dir - look around, f - activate You can't see that place. [a stone wall.]
Okay, then.
Aiming: Paralyse
Press: ? - help, Q - select action, (/) - cycle Shift-Dir - straight line, p - orc knight
Okay, then.
You feel yourself speed up.
The orc warrior hits you from afar with a +0 halberd!!
You die...

.##≈......###......≈##)#≈≈....
.≈≈≈...#########...≈≈≈.≈≈.....
).....##.......##.............
.....##..#'#'#..##............
.....#..##.#)##..#............
....##.#########.##...........
....##.'.#?.)#)'.##...........
....##.###._.###.##...........
....##.')#ooo#)'p##...........
....##.####o####o##...........
....##..##∩}∩##oo#............
........##'''#.o##............
).......##.....##.............
.≈≈≈....##....##...≈≈≈.≈≈.....
)##≈....#######....≈##.#≈≈....
)∩#≈...............≈#∩.##≈....
....................))..#≈....


You could see an orc knight (misshapen), 2 orc warriors and an orc (strong).

Vanquished Creatures
  2 two-headed ogres
  A smoke demon (D:10)
  A troll (D:10)
  A hellwing (D:10)
  A wyvern (D:10)
  16 yaks
  Menkaure (D:6)
  2 acid dragons
  A water moccasin (D:6)
  9 orc warriors
  A black bear (D:8)
  2 ice beasts
  3 ogres
  3 centaurs
  3 kobold brigands
  A bullfrog (D:9)
  A scorpion (D:5)
  2 gnoll sergeants (D:8)
  5 wights (D:9)
  4 killer bees
  3 howler monkeys (D:7)
  A gnoll bouda (D:8)
  10 hounds
  5 orc priests
  A sleepcap (D:4)
  Natasha (D:2)
  8 orc wizards
  Robin (D:3)
  7 adders
  11 gnolls
  2 shadow imps
  An ufetubus (D:6)
  A spectral adder (D:2)
  A worm (D:2)
  A dart slug (D:2)
  43 orcs
  A bat zombie (D:2)
  10 endoplasms
  A giant cockroach (D:4)
  15 goblins
  14 hobgoblins
  10 jackals
  23 kobolds
  5 quokkas
  4 ball pythons
  A ball python zombie (D:2)
  2 bats (D:1)
  3 frilled lizards
  A giant cockroach zombie (D:2)
  2 quokka zombies (D:2)
249 creatures vanquished.

Notes
Turn   | Place    | Note
-------+----------+-------------------------------------------
     0 | D:1      | javelincjr the Demonspawn Shapeshifter began the quest for
                  | the Orb.
     0 | D:1      | Reached XP level 1. HP: 15/15 MP: 1/1
   134 | D:1      | Gained mutation: You have a somewhat thin skeletal
                  | structure. (Dex +2, Stealth+) [demonic ancestry]
   134 | D:1      | Reached XP level 2. HP: 15/21 MP: 2/2
   714 | D:2      | Reached XP level 3. HP: 22/26 MP: 3/3
   797 | D:2      | Reached skill level 3 in Shapeshifting
  1360 | D:2      | Noticed Natasha
  1383 | D:2      | Killed Natasha
  1384 | D:2      | Gained mutation: You regenerate magic rapidly. [demonic
                  | ancestry]
  1384 | D:2      | Reached XP level 4. HP: 22/33 MP: 4/4
  1470 | D:2      | Identified the +8 dagger "Honottal" {pain, rPois rN+ Str-5
                  | Int+6}
  1696 | D:3      | Noticed Robin
  1784 | D:3      | Killed Robin
  1788 | D:3      | HP: 1/34 [goblin/+0 dagger[Robin] (3)]
  1790 | D:3      | Gained mutation: When hurt, damage is shared between your
                  | health and your magic reserves. [demonic ancestry]
  1790 | D:3      | Reached XP level 5. HP: 2/39 MP: 5/5
  2626 | D:4      | Found a shadowy altar of Dithmenos.
  2885 | D:4      | Noticed an ogre
  3240 | D:4      | Gained mutation: You have a moderately thin skeletal
                  | structure. (Dex +4, Stealth++) [demonic ancestry]
  3240 | D:4      | Reached XP level 6. HP: 45/47 MP: 6/6
  3617 | D:5      | Entered Level 5 of the Dungeon
  3726 | D:5      | Reached skill level 4 in Shapeshifting
  3843 | D:5      | Reached XP level 7. HP: 49/53 MP: 5/7
  4302 | D:5      | Found a staircase to the Ecumenical Temple.
  4322 | Temple   | Entered the Ecumenical Temple
  4351 | Temple   | Became a worshipper of Qazlal Stormbringer
  4702 | D:6      | You fall into a shaft and drop 2 floors!
  4827 | D:8      | Gained mutation: A meltable shield of frost defends you.
                  | (SH +4) [demonic ancestry]
  4827 | D:8      | Reached XP level 8. HP: 25/61 MP: 5/8
  4835 | D:8      | Reached skill level 5 in Unarmed Combat
  5028 | D:7      | Reached skill level 5 in Shapeshifting
  5275 | D:6      | Identified the +6 long sword of the Dead {speed, Contam rN+
                  | Dex+5}
  5291 | D:6      | Found a snail-covered altar of Cheibriados.
  5543 | D:6      | Reached skill level 5 in Fighting
  5652 | D:6      | Noticed Menkaure
  5657 | D:6      | Killed Menkaure
  5658 | D:6      | Reached skill level 5 in Dodging
  6384 | D:7      | Reached * piety under Qazlal
  6689 | D:7      | Found a bloodstained altar of Trog.
  6689 | D:7      | Found an iron altar of Okawaru.
  6700 | D:7      | Found a hazy altar of Hepliaklqana.
  6702 | D:7      | Found an ornate altar of the Wu Jian Council.
  6704 | D:7      | Found a shimmering altar of Xom.
  6858 | D:8      | Reached skill level 6 in Shapeshifting
  6875 | D:8      | Noticed a two-headed ogre
  7085 | D:8      | Gained mutation: You have large cloven feet. [demonic
                  | ancestry]
  7085 | D:8      | Reached XP level 9. HP: 57/68 MP: 7/9
  7430 | D:8      | HP: 1/69 [two-headed ogre/+0 giant club (17)]
  8098 | D:8      | Reached skill level 1 in Invocations
  8210 | D:8      | Reached ** piety under Qazlal
  8257 | D:8      | Killed a two-headed ogre
  8258 | D:8      | Reached skill level 1 in Shields
  8258 | D:8      | Reached skill level 7 in Shapeshifting
  8350 | D:9      | Noticed a two-headed ogre
  8360 | D:9      | Killed a two-headed ogre
  8361 | D:9      | Gained mutation: You have hoof-like feet. [demonic
                  | ancestry]
  8361 | D:9      | Reached XP level 10. HP: 64/77 MP: 8/12
  9048 | D:9      | Reached *** piety under Qazlal
  9174 | D:9      | Identified the +1 robe of Barchiuve {rC- Dex+3 Stlth+}
  9425 | D:10     | Entered Level 10 of the Dungeon
  9428 | D:10     | Noticed a smoke demon
  9434 | D:10     | Killed a smoke demon
  9435 | D:10     | Reached skill level 8 in Shapeshifting
  9451 | D:10     | Reached skill level 5 in Invocations
  9489 | D:10     | Found a flagged portal.
  9580 | Bailey   | Entered a bailey
  9601 | Bailey   | Reached XP level 11. HP: 71/84 MP: 11/15
  9917 | Bailey   | Noticed an orc knight
  9942 | Bailey   | Slain by an orc warrior

Illustrated notes

Levels and vault maps discovered:
D:1:      erik_arrival_blinker_ship, layout_basic, chequers_serial_rivers_marsh,
          nrook_campfire, amcnicky_mini_rare_corridor_liquid, item_on_display_a
D:2:      layout_basic, dilly_guarded_unrand_morg
D:3:      layout_loops_ring, uniq_robin
D:4:      layout_gridville, mainiacjoe_overflow_tiny_flanked, minmay_small_thing
D:5:      layout_rooms, minmay_temple_entry_gardened_gates,
          minmay_misc_feat_tower, minmay_crossroads
D:6:      layout_loops_ring, mainiacjoe_overflow_paths, uniq_menkaure
D:7:      layout_loops_ring, chequers_temple_overflow_minitemple
D:8:      kennysheep_housing_project, layout_basic, minivault_24,
          minmay_microvault
D:9:      layout_roguey
D:10:     layout_loops_ring, kennysheep_mini, serial_shops, nicolae_shop_trees,
          serial_demonic, serial_demonic_e, serial_demonic_c, serial_demonic_b,
          serial_demonic_g, serial_demonic_c, serial_demonic_c,
          serial_demonic_c, serial_demonic_a, enter_bailey_2
Temple:   jpeg_temple_clearing
Bailey:   bailey_polearm_2, bailey

Skill      XL: |  1  2  3  4  5  6  7  8  9 10 |
---------------+-------------------------------+-----
Dodging        | 2 3 4 5 6 7 |  7.1
Unarmed Combat | 3 4 5 6 7 |  7.3
Shapeshifting  | 3 4 6 7 8 |  8.5
Fighting       | 2 3 4 5 6 7 |  7.6
Invocations    | 3 5 |  5.6
Shields        | 2 3 |  3.9

Action                     |  1- 3 |  4- 6 |  7- 9 | 10-12 || total
---------------------------+-------+-------+-------+-------++-------
  Melee: Unarmed           |    41 |    10 |       |   275 ||   326
         Punch             |     1 |     2 |    15 |       ||    18
         Dagger            |       |    50 |    73 |       ||   123
         Long sword        |       |       |   171 |       ||   171
         Kick              |       |       |    36 |   117 ||   153
   Fire: Sling             |    53 |   125 |    42 |       ||   220
  Throw: Dart              |       |       |    12 |       ||    12
  Evoke: Wand              |       |       |     2 |     2 ||     4
    Use: Scroll            |       |       |    12 |     3 ||    15
         Potion            |       |       |       |     2 ||     2
   Stab: Sleeping          |       |     3 |       |       ||     3
 Armour: Animal skin       |    24 |    56 |       |       ||    80
         Scale mail        |       |    27 |    24 |       ||    51
         Robe              |       |       |    36 |       ||    36
         Chain mail        |       |       |    88 |       ||    88
         Acid dragon scale |       |       |     7 |    92 ||    99
  Dodge: Dodged            |    36 |    80 |   148 |   127 ||   391
  Block: Other             |       |       |    35 |    69 ||   104
         Kite shield       |       |       |     5 |       ||     5
   Form: Flux              |       |       |       |     1 ||     1

Table legend: (Time is in decaauts)
 A = Elapsed time spent in this place.
 B = Non-inter-level travel time spent in this place.
 C = Inter-level travel time spent in this place.
 D = Time resting spent in this place.
 E = Time spent auto-exploring this place.
 F = Levels seen in this place.
 G = Mean time per level.
                   A        B        C        D        E       F      G
               +--------+--------+--------+--------+--------+-----+--------+
         Total |   9976 |   9637 |    339 |   1247 |   5928 |  12 |  831.3 |
       Dungeon |   9571 |   9264 |    307 |   1149 |   5928 |  10 |  957.1 |
        Temple |     51 |     19 |     32 |      0 |      0 |   1 |   51.0 |
        Bailey |    353 |    353 |      0 |     98 |      0 |   1 |  353.0 |
               +--------+--------+--------+--------+--------+-----+--------+

Top non-repeatable levels by time:
     D:8: 2051 daAuts
     D:4: 1256 daAuts
     D:2: 1098 daAuts
     D:9: 1058 daAuts
     D:7: 885 daAuts
     D:6: 882 daAuts
     D:5: 797 daAuts
     D:3: 768 daAuts
     D:1: 625 daAuts
  Bailey: 353 daAuts
    D:10: 146 daAuts
  Temple: 51 daAuts
